 Dungeon Crawl Stone Soup version 0.30.1-9-gdf580d7c3d (webtiles) character file.

Game seed: 10420918251402576304

99 fireball365 the Chopper (level 4, 0/41 HPs)
             Began as a Hill Orc Fighter on Oct 11, 2023.
             Slain by an orc
             ... wielding a +0 dagger of freezing
              (2 damage)
             ... on level 3 of the Dungeon.
             The game lasted 00:02:27 (1819 turns).

fireball365 the Chopper (Hill Orc Fighter)          Turns: 1819, Time: 00:02:27

Health: 0/41       AC:  7    Str: 20    XL:     4   Next: 72%
Magic:  0/4        EV:  9    Int:  8    God:
Gold:   75         SH:  4    Dex: 10    Spells: 3/3 levels left

rFire   . . .        a - +0 war axe
rCold   . . .        c - +0 buckler
rNeg    . . .        b - +0 scale mail
rPois   .            (no helmet)
rElec   .            (no cloak)
rCorr   .            (no gloves)
SInv    .            (no boots)
Will    .....        h - amulet of guardian spirit Stlth
                     (no ring)
HPRegen 0.26/turn    (no ring)
MPRegen 0.09/turn

%: guardian spirit
@: no status effects
A: no striking features
a: Convert to Beogh


You were on level 3 of the Dungeon.
You visited 1 branch of the dungeon, and saw 3 of its levels.

You collected 75 gold pieces.

Inventory:

Hand Weapons
 a - a +0 war axe (weapon)
Missiles
 e - 5 boomerangs of dispersal (quivered)
Armour
 b - a +0 scale mail (worn)
 c - a +0 buckler (worn)
Jewellery
 f - an amulet of magic regeneration
 h - an amulet of guardian spirit (around neck)
Scrolls
 g - a scroll of fear
 i - a scroll of noise {unknown}
 m - a scroll of enchant armour {unknown}
 p - a scroll of blinking {unknown}
Potions
 d - a potion of might
 j - a potion of cancellation {unknown}
 k - a potion of brilliance {unknown}
 l - a potion of flight {unknown}
 n - a potion of heal wounds {unknown}
 o - 3 potions of curing


   Skills:
 + Level 4.3 Fighting
 + Level 4.4 Axes
 + Level 3.9 Armour
 + Level 0.7 Dodging
 + Level 3.6 Shields


You had 3 spell levels left.
You didn't know any spells.
Your spell library was empty.

Dungeon Overview and Level Annotations

Branches:
Dungeon (3/15)

Altars:


Message History

You kill the orc!
The orc priest invokes the aid of Beogh against you.
Pain shoots through your body!
The orc priest mumbles some strange prayers to Beogh against you.
You barely resist.
Things that are here:
a +0 hand axe; a +0 ring mail; an orc corpse You closely miss the orc priest.
The orc priest calls down the wrath of Beogh upon you.
Pain shoots through your body! The orc priest closely misses you.
You completely miss the orc priest.
The orc priest threatens, "By the altar or by the axe, you will meet Beogh!"
The orc priest hits you with a +0 flail.
* * * LOW HITPOINT WARNING * * *
You closely miss the orc priest.
The orc priest hits you with a +0 flail.
* * * LOW HITPOINT WARNING * * *
You closely miss the orc priest.
The orc priest shouts, "Join the one true god or die!"
The orc priest looks braver for a moment.
The orc priest hits you with a +0 flail!
* * * LOW HITPOINT WARNING * * *
The orc priest shouts, "Surrender to Beogh and we'll let you live!"
You closely miss the orc priest.
The orc priest hits you with a +0 flail.
* * * LOW HITPOINT WARNING * * *
You hit the orc priest.
The orc priest is moderately wounded.
A giant cockroach comes into view.
The orc priest miscasts a cantrip.
You block the orc priest's attack.
You slash the orc priest!
You kill the orc priest!
The giant cockroach waves its antennae.
The orc priest miscasts a cantrip.
The orc hits you but does no damage.
You hit the orc.
The orc is moderately wounded.
The orc hits you with a +0 dagger of freezing.
You die...

##......##.#.
.####........
......
#.###.########
....
##.#........##
....
#.###.#####.###.B.
......# .#..
#######


wo# #o# #@# #.####.# #......# ######.# ###.#### #.....># #.#.##.# #.#.# # ##
#...# You could see a worm, an orc priest, an orc and a giant cockroach.

Vanquished Creatures
  An orc priest (D:3)
  2 adders
  A worm (D:2)
  An orc (D:3)
  4 endoplasms
  5 giant cockroaches
  7 goblins
  3 hobgoblins (D:2)
  5 quokkas
  2 ball pythons
  5 bats
  4 frilled lizards
  6 rats
46 creatures vanquished.

Notes
Turn   | Place    | Note
-------+----------+-------------------------------------------
     0 | D:1      | fireball365 the Hill Orc Fighter began the quest for the
                  | Orb.
     0 | D:1      | Reached XP level 1. HP: 19/19 MP: 1/1
   160 | D:1      | Reached XP level 2. HP: 27/27 MP: 2/2
   261 | D:1      | Found a faded altar of an unknown god.
   732 | D:2      | Reached XP level 3. HP: 31/33 MP: 3/3
  1391 | D:2      | Reached XP level 4. HP: 40/40 MP: 4/4
  1816 | D:3      | HP: 1/40 [orc priest/+0 flail (4)]
  1819 | D:3      | Slain by an orc

Illustrated notes

Levels and vault maps discovered:
D:1:      evilmike_arrival_rings, layout_rooms, nicolae_ecumenical_lake_church,
          st_stairs_5, minmay_misc_feat_more_columns
D:2:      layout_basic
D:3:      layout_loops_cross, slow_altar_1, grunt_ministairs_11

Skill      XL: |  1  2  3  4 |
---------------+-------------+-----
Axes           | 3 4 |  4.4
Fighting       | 4 |  4.3
Armour         | |  3.9
Dodging        | |  0.7
Shields        | |  3.6

Action                     |  1- 3 |  4- 6 || total
---------------------------+-------+-------++-------
  Melee: War axe           |   138 |    14 ||   152
    Use: Scroll            |     1 |     1 ||     2
 Armour: Scale mail        |   101 |     3 ||   104
  Dodge: Dodged            |    99 |     2 ||   101
  Block: Buckler           |    41 |     2 ||    43
